AoeStats
← mad Iltis

African Clearing

510422131Analyzed
4v4 RM · 2d ago on Sep 30, 2026· 67m 4s· 8 players
Game mode
Random Map
Map size
Large (8 player)
Population
200
Speed
Normal
Resources
Standard
Victory
Conquest
Starting age
Dark Age
Ending age
Imperial Age
RankedLock teamsTeams togetherTeam positionsShared explorationLock speedFull tech treeHidden civsTurbo modeCheats
Victory
Defeat
🇲🇽 Tatars · Mexico
1274
+16
🇩🇪 Chinese · Germany
1261
+16
🇨🇳 Varangians · China
1256
+16
🇦🇷 Spanish · Argentina
1240
+17
🇦🇷 Muisca · Argentina
1525
-26
🇦🇷 Hindustanis · Argentina
1222
-15
🇺🇾 Vietnamese · Uruguay
1212
-14
🇦🇷 Burgundians · Argentina
1096
-10
Clearly
7:33 Loom
13:37 Feudal Age
19:58 Double-Bit Axe
20:37 Horse Collar
26:25 Castle Age
27:14 Fletching
28:01 Wheelbarrow
27:40 Bow Saw
27:34 Heavy Plow
27:40 Gold Mining
30:17 Hand Cart
31:01 Bodkin Arrow
34:24 Ballistics
34:37 Padded Archer Armor
34:54 Bloodlines
34:45 Husbandry
36:31 Leather Archer Armor
47:01 Imperial Age
47:22 Silk Armor
47:05 Heavy Cavalry Archer
47:56 Bracer
48:27 Ring Archer Armor
49:02 Chemistry
49:28 Gold Shaft Mining
48:43 Stone Mining
50:27 Scale Barding Armor
50:33 Forging
51:10 Crop Rotation
51:14 Light Cavalry
52:16 Chain Barding Armor
53:16 Iron Casting
52:03 Hussar
56:19 Plate Barding Armor
56:45 Blast Furnace
61:40 Conscription
heavensent
12:44 Feudal Age
11:00 Loom
17:32 Castle Age
16:14 Padded Archer Armor
17:09 Double-Bit Axe
24:45 Leather Archer Armor
28:44 Bow Saw
34:24 Horse Collar
35:08 Ballistics
34:56 Husbandry
41:34 Town Watch
42:31 Wheelbarrow
48:07 Imperial Age
46:19 Heavy Plow
46:36 Bloodlines
48:46 Hand Cart
48:48 Scale Barding Armor
48:54 Forging
48:28 Cavalier
49:17 Capped Ram
50:36 Gold Mining
51:16 Chain Barding Armor
51:58 Ring Archer Armor
52:30 Iron Casting
53:59 Conscription
57:10 Stone Mining
56:54 Elite Conquistador
58:38 Stone Shaft Mining
61:08 Chemistry
61:37 Light Cavalry
62:56 Plate Barding Armor
63:02 Fletching
64:30 Hussar
66:35 Blast Furnace
mad Iltis
3:06 Loom
11:49 Feudal Age
13:43 Fletching
20:51 Double-Bit Axe
23:44 Padded Archer Armor
29:15 Castle Age
29:41 Stone Mining
29:44 Gold Mining
30:16 Elite Skirmisher
30:54 Bodkin Arrow
35:02 Horse Collar
40:14 Wheelbarrow
40:20 Bow Saw
40:12 Pikeman
40:52 Squires
41:34 Scale Mail Armor
41:49 Forging
46:24 Imperial Age
44:19 Ballistics
44:25 Squires
45:10 Chain Mail Armor
45:31 Iron Casting
47:54 Plate Mail Armor
54:11 Hand Cart
53:42 Town Watch
61:01 Heavy Rocket Cart
64:41 Chemistry
63:53 Masonry
65:27 Heavy Plow
67:10 Two-Man Saw
66:07 Elite Fire Lancer
66:32 Arson
The Long Dark
7:48 Loom
15:00 Feudal Age
19:17 Castle Age
19:21 Gold Mining
19:19 Double-Bit Axe
21:18 Fletching
21:50 Horse Collar
22:32 Bodkin Arrow
24:47 Bow Saw
26:19 Heavy Plow
30:07 Wheelbarrow
35:14 Imperial Age
33:45 Hand Cart
34:10 Town Watch
34:56 Padded Archer Armor
35:09 Forging
35:04 Scale Barding Armor
35:12 Bloodlines
35:03 Husbandry
36:43 Conscription
35:57 Cavalier
38:20 Crop Rotation
38:07 Vendel Legacy
40:37 Two-Man Saw
39:58 Stone Mining
41:36 Iron Casting
41:31 Chain Barding Armor
44:00 Blast Furnace
42:56 Gambesons
43:16 Squires
44:59 Plate Barding Armor
45:01 Bracer
45:01 Padded Archer Armor
44:27 Pikeman
44:53 Arson
45:27 Scale Mail Armor
51:20 Light Cavalry
53:20 Hussar
57:07 Town Patrol
61:30 Siege Engineers
62:26 Chemistry
61:46 Ballistics
62:11 Stone Shaft Mining
63:48 Capped Ram
66:06 Siege Ram
acm_
7:04 Loom
13:22 Feudal Age
12:11 Double-Bit Axe
20:04 Castle Age
18:20 Horse Collar
18:53 Bow Saw
19:27 Scale Barding Armor
19:32 Forging
20:24 Forging
21:21 Town Watch
21:46 Heavy Plow
29:27 Cavalier
31:08 Wheelbarrow
30:54 Gold Mining
30:54 Stone Mining
34:13 Chain Barding Armor
34:29 Iron Casting
34:00 Husbandry
34:46 Hand Cart
34:31 Town Patrol
34:50 Elite Skirmisher
38:18 Imperial Age
36:36 Fletching
36:46 Padded Archer Armor
39:45 Bodkin Arrow
40:05 Leather Archer Armor
40:45 Plate Barding Armor
41:10 Blast Furnace
41:57 Two-Man Saw
44:18 Chemistry
43:14 Murder Holes
44:28 Paladin
47:59 Gold Shaft Mining
56:39 Bracer
57:39 Blast Furnace
57:02 Ballistics
58:19 Crop Rotation
57:56 Imperial Skirmisher
60:38 Light Cavalry
62:52 Hoardings
66:09 Hussar
Pipo
3:50 Loom
14:50 Feudal Age
16:34 Double-Bit Axe
16:32 Horse Collar
40:22 Castle Age
39:59 Fletching
41:14 Elite Skirmisher
41:57 Padded Archer Armor
42:38 Bow Saw
43:06 Wheelbarrow
50:08 Bodkin Arrow
52:41 Leather Archer Armor
53:46 Ballistics
58:36 Imperial Age
56:26 Hand Cart
56:54 Town Watch
58:21 Thumb Ring
60:19 Chemistry
59:22 Bracer
65:28 Elite Rattan Archer
67:39 Ring Archer Armor
Ronamdz
3:47 Loom
13:00 Feudal Age
13:29 Town Watch
13:54 Double-Bit Axe
24:00 Castle Age
23:33 Forging
24:09 Gold Mining
24:35 Padded Archer Armor
44:03 Stone Mining
48:14 Bow Saw
48:43 Scale Barding Armor
49:13 Iron Casting
48:51 Bloodlines
48:43 Husbandry
65:42 Chain Barding Armor
66:09 Horse Collar
MoJojoJou
9:27 Loom
12:10 Feudal Age
16:14 Castle Age
14:25 Double-Bit Axe
15:34 Fletching
19:31 Crossbowman
23:29 Wheelbarrow
22:41 Town Watch
25:06 Thumb Ring
25:05 Bodkin Arrow
27:42 Ballistics
27:11 Horse Collar
28:20 Bow Saw
32:02 Heavy Plow
34:22 Hand Cart
35:14 Gold Mining
35:15 Stone Mining
39:40 Imperial Age
37:11 Scale Mail Armor
37:22 Forging
38:14 Gold Shaft Mining
38:24 Champi Runner
39:04 Squires
39:20 Chain Mail Armor
39:40 Iron Casting
39:10 Herbalism
40:04 Stone Shaft Mining
39:32 Padded Archer Armor
39:23 Champi Warrior
39:45 Arbalester
40:26 Bracer
41:28 Chemistry
41:02 Plate Mail Armor
40:58 Conscription
40:52 Padded Archer Armor
40:32 Elite Champi Warrior
42:29 Leather Archer Armor
42:20 Treadmill Crane
42:18 Capped Ram
44:43 Murder Holes
44:58 Masonry
45:19 Siege Engineers
47:12 Coinage
46:52 Pikeman
53:45 Elite Guecha Warrior
62:01 Elite Temple Guard
Connection lost

Rejoining the realm…

Still unreachable

The connection could not be restored.

Session expired

The server has moved on; the page needs a fresh start.